[Event "Early-Titled-Tuesday-Blitz-May-14-2024"]
[Site "Chess.com"]
[Date "2024.05.14"]
[Round "7"]
[White "Casper"]
[Black "Galileo22"]
[Result "1-0"]
[WhiteElo "2516"]
[BlackElo "2632"]
[TimeControl "180+1"]
[EndTime "9:14:04 PDT"]
[Termination "Casper won by resignation"]

1. e4 c6 2. Nf3 d6 3. d4 Nf6 4. Nbd2 Qc7 5. c3 e5 6. Bc4 Be7 7.
O-O h6 8. h3 Nbd7 9. a4 b6 10.
Re1 Nf8 11. Nf1 g5 12. Qb3 Bf5 13. Bxf7+ 1-0

[Event "Early-Titled-Tuesday-Blitz-May-14-2024"]
[Site "Chess.com"]
[Date "2024.05.14"]
[Round "7"]
[White "LeoLV10"]
[Black "ernestina08chess"]
[Result "1-0"]
[WhiteElo "2517"]
[BlackElo "2313"]
[TimeControl "180+1"]
[EndTime "9:14:43 PDT"]
[Termination "LeoLV10 won by resignation"]

1. e4 e6 2. d4 d5 3. e5 c5 4. c3 Nc6 5. Nf3 Qb6 6. a3 c4 7. Be2 Na5 8. Nbd2 Bd7 9. h4 Ne7 10. Rb1 Nb3 11. Nxb3 cxb3 12. Nd2 Ba4 13. Nf3 Nc6 14.
Be3 Be7 15. c4 Rd8 16. cxd5 Qa6 17. Bxa6 1-0

[Event "Early-Titled-Tuesday-Blitz-May-14-2024"]
[Site "Chess.com"]
[Date "2024.05.14"]
[Round "7"]
[White "LangesNasenhaar"]
[Black "Adar_07"]
[Result "0-1"]
[WhiteElo "2479"]
[BlackElo "2728"]
[TimeControl "180+1"]
[EndTime "9:14:47 PDT"]
[Termination "Adar_07 won by resignation"]

1. d4 Nf6 2. Nf3 e6 3. g3 c5 4. Bg2 cxd4 5. O-O Nc6 6. b3 e5 7. c3 dxc3 8. Nxc3 Be7 9. Bg5 O-O 10.
Bxf6 Bxf6 11. Nd5 d6 12. Nd2 Be6 13. Rc1 Rc8 14. Nc4 Nd4 15. Nxf6+ Qxf6 16. Nxd6 Rxc1 0-1

[Event "Early-Titled-Tuesday-Blitz-May-14-2024"]
[Site "Chess.com"]
[Date "2024.05.14"]
[Round "7"]
[White "ZeZacarias"]
[Black "Tigranpatagonian"]
[Result "0-1"]
[WhiteElo "2045"]
[BlackElo "2379"]
[TimeControl "180+1"]
[EndTime "9:14:55 PDT"]
[Termination "Tigranpatagonian won by checkmate"]

1. d4 Nf6 2. c4 g6 3. Nc3 c5 4. d5 Bg7 5. Nf3 O-O 6. e4 d6 7.
Bd3 e5 8. O-O h6 9. h3 Nh7 10.
Qc2 f5 11. exf5 gxf5 12. Nd2 e4 13. Be2 Qh4 14. a3 Ng5 15. f4 Nxh3+ 16. gxh3 Qg3+ 17. Kh1 Qxh3+ 18. Kg1 Bd4+ 19. Rf2 Qg3+ 20. Kh1 Qxf2 21. Nf3 exf3 22. Be3 Qg2# 0-1

[Event "Early-Titled-Tuesday-Blitz-May-14-2024"]
[Site "Chess.com"]
[Date "2024.05.14"]
[Round "7"]
[White "GMSrinath"]
[Black "JiaHaoxiang"]
[Result "1-0"]
[WhiteElo "2836"]
[BlackElo "2616"]
[TimeControl "180+1"]
[EndTime "9:14:56 PDT"]
[Termination "GMSrinath won by resignation"]

1. e4 c5 2. Nf3 d6 3. d4 cxd4 4. Nxd4 Nf6 5. Nc3 g6 6. Be3 Bg7 7. f3 O-O 8. Qd2 Nc6 9. O-O-O d5 10. exd5 Nxd5 11. Nxc6 bxc6 12. Bd4 Bxd4 13. Qxd4 Qb6 14. Na4 Qc7 15. Bc4 Be6 16. Nc5 Bf5 17. g4 Bc8 18. h4 Rd8 19. h5 Bb7 20. hxg6 Nf6 21. Bxf7+ 1-0

[Event "Early-Titled-Tuesday-Blitz-May-14-2024"]
[Site "Chess.com"]
[Date "2024.05.14"]
[Round "7"]
[White "lucasmito"]
[Black "SuperJesus88"]
[Result "0-1"]
[WhiteElo "2726"]
[BlackElo "2551"]
[TimeControl "180+1"]
[EndTime "9:15:04 PDT"]
[Termination "SuperJesus88 won by resignation"]

1. e4 d6 2. d4 Nf6 3. Nc3 e5 4. Nf3 Nbd7 5. g4 Nxg4 6. Rg1 exd4 7. Qxd4 Nde5 8. Nxe5 dxe5 9. Qxd8+ Kxd8 10. Be2 Nf6 11. Bg5 c6 12. f4 h6 13. Bh4 exf4 14. Bxf6+ gxf6 15. O-O-O+ Kc7 16. Bg4 Bd6 17. Bxc8 Raxc8 18. Rg7 Rcf8 19. Rdg1 Be5 20. Nd1 f5 21. exf5 Bxg7 22. Rxg7 0-1

[Event "Early-Titled-Tuesday-Blitz-May-14-2024"]
[Site "Chess.com"]
[Date "2024.05.14"]
[Round "7"]
[White "romulocardoso"]
[Black "Mbneu"]
[Result "1-0"]
[WhiteElo "2315"]
[BlackElo "2214"]
[TimeControl "180+1"]
[EndTime "9:15:13 PDT"]
[Termination "romulocardoso won by resignation"]

1. e4 c5 2. Nf3 Nf6 3. e5 Nd5 4. Bc4 Nb6 5. Be2 Nc6 6. c3 d5 7. exd6 exd6 8. O-O Be7 9. d4 O-O 10. Be3 Bg4 11. Nbd2 Nd5 12. h3 Bh5 13. Nc4 b5 14.
dxc5 dxc5 15. Nce5 Nxe5 16. Nxe5 Nxe3 17. fxe3 Qxd1 18.
Bxd1 Bxd1 19. Raxd1 Rad8 20. Nc6 Rxd1 21. Nxe7+ 1-0

[Event "Early-Titled-Tuesday-Blitz-May-14-2024"]
[Site "Chess.com"]
[Date "2024.05.14"]
[Round "7"]
[White "HeroWilczek"]
[Black "JERO-8914"]
[Result "0-1"]
[WhiteElo "2534"]
[BlackElo "2414"]
[TimeControl "180+1"]
[EndTime "9:15:18 PDT"]
[Termination "JERO-8914 won by checkmate"]

1. c4 Nf6 2. Nf3 e6 3. b3 d5 4. e3 c5 5. Bb2 Nc6 6. cxd5 exd5 7. Bb5 a6 8. Bxc6+ bxc6 9. O-O Be7 10. Ne5 Bd7 11.
d4 cxd4 12. exd4 O-O 13. Nd2 a5 14. Rc1 a4 15. Nxc6 Bxc6 16. Rxc6 axb3 17. axb3 Qd7 18. Qc2 Ra2 19. Rc1 Ba3 20. Rc7 Rxb2 21. Qd3 Rxd2 22. Qxd2 Bxc1 23. Qxc1 Qb5 24. Qc3 Ne4 25. Qc2 Qb4 26. f3 Qe1# 0-1

[Event "Early-Titled-Tuesday-Blitz-May-14-2024"]
[Site "Chess.com"]
[Date "2024.05.14"]
[Round "7"]
[White "Gangster-accountant01"]
[Black "OppieZippy"]
[Result "1-0"]
[WhiteElo "2548"]
[BlackElo "2345"]
[TimeControl "180+1"]
[EndTime "9:15:41 PDT"]
[Termination "Gangster-accountant01 won by resignation"]

1. c4 b6 2. d4 Bb7 3. d5 Nf6 4. Nc3 e5 5. e3 Bc5 6. Bd3 O-O 7. Nge2 a5 8. O-O Na6 9. Ng3 Re8 10. Nce4 Bf8 11. b3 g6 12. Nxf6+ Qxf6 13. Bb2 Qd8 14. f4 exf4 15. exf4 Nc5 16. Bc2 Bg7 17. Bxg7 Kxg7 18.
f5 c6 19. Qd2 h6 20. fxg6 fxg6 21. Qd4+ Kg8 22. Bxg6 Re7 23. Nf5 1-0

[Event "Early-Titled-Tuesday-Blitz-May-14-2024"]
[Site "Chess.com"]
[Date "2024.05.14"]
[Round "7"]
[White "ilimchess2"]
[Black "pfalcon1949"]
[Result "1-0"]
[WhiteElo "2298"]
[BlackElo "1919"]
[TimeControl "180+1"]
[EndTime "9:15:57 PDT"]
[Termination "ilimchess2 won by resignation"]

1. d4 d5 2. Nf3 e6 3. Bf4 Nf6 4. e3 Bd6 5. Nbd2 O-O 6. c3 c5 7. Bd3 b6 8. Bxd6 Qxd6 9. Ne5 Nc6 10. f4 Bb7 11. Qf3 Ne7 12. Qh3 g6 13. g4 Ne4 14.
O-O-O cxd4 15. exd4 Rac8 16. Qh6 Rxc3+ 17. Kb1 Rxd3 18.
Nxd3 Rc8 19. h4 Ba6 20. Nxe4 dxe4 21. Ne5 e3 22. h5 Rf8 23. hxg6 1-0

[Event "Early-Titled-Tuesday-Blitz-May-14-2024"]
[Site "Chess.com"]
[Date "2024.05.14"]
[Round "7"]
[White "ValeriyGrinev"]
[Black "flubs"]
[Result "1-0"]
[WhiteElo "2598"]
[BlackElo "2425"]
[TimeControl "180+1"]
[EndTime "9:15:59 PDT"]
[Termination "ValeriyGrinev won by resignation"]

1. d4 d5 2. c4 Nc6 3. cxd5 Qxd5 4. e3 e5 5. Nc3 Bb4 6. Bd2 Bxc3 7. Bxc3 exd4 8.
Ne2 Nf6 9. Nxd4 O-O 10. Nxc6 Qxc6 11. Rc1 Re8 12. Bd4 Qd6 13. Be2 Bf5 14. O-O c6 15. Qb3 b6 16. Rfd1 Rad8 17. Bxb6 Qxd1+ 18. Rxd1 Rb8 19.
Qa4 Rxb6 20. b3 a6 21. Qa5 Rbb8 22. Qxf5 1-0

[Event "Early-Titled-Tuesday-Blitz-May-14-2024"]
[Site "Chess.com"]
[Date "2024.05.14"]
[Round "7"]
[White "agvega14"]
[Black "grozdanovic_a"]
[Result "1-0"]
[WhiteElo "2159"]
[BlackElo "2307"]
[TimeControl "180+1"]
[EndTime "9:16:16 PDT"]
[Termination "agvega14 won by checkmate"]

1. e4 c5 2. Nf3 d6 3. c3 Nf6 4. Be2 Bd7 5. d3 e6 6. O-O Nc6 7. h3 Be7 8. Be3 O-O 9. Nbd2 e5 10. a4 a6 11. Qc2 Rb8 12. Rfd1 Be6 13. d4 cxd4 14.
cxd4 exd4 15. Nxd4 Nxd4 16. Bxd4 Qd7 17. Qd3 d5 18. e5 Ne8 19. Qg3 Nc7 20. Bd3 Bf5 21. e6 Bd6 22. Qxg7# 1-0

[Event "Early-Titled-Tuesday-Blitz-May-14-2024"]
[Site "Chess.com"]
[Date "2024.05.14"]
[Round "7"]
[White "Niktlt"]
[Black "tgpgoat"]
[Result "1-0"]
[WhiteElo "2699"]
[BlackElo "2452"]
[TimeControl "180+1"]
[EndTime "9:16:18 PDT"]
[Termination "Niktlt won by resignation"]

1. d4 Nf6 2. c4 e6 3. Nc3 Bb4 4.
f3 O-O 5. a3 Bxc3+ 6. bxc3 d5 7. cxd5 exd5 8. e3 Re8 9. Bd3 c5 10. Ne2 b6 11. O-O Bb7 12. Ng3 Nc6 13. Ra2 Qd7 14.
Re2 Rad8 15. Bb2 Na5 16. e4 dxe4 17. fxe4 cxd4 18. cxd4 Qg4 19. e5 Nh5 20. Re3 Rxd4 21. Bxd4 Qxd4 22. Bxh7+ 1-0

[Event "Early-Titled-Tuesday-Blitz-May-14-2024"]
[Site "Chess.com"]
[Date "2024.05.14"]
[Round "7"]
[White "MdChess1734"]
[Black "baki83"]
[Result "0-1"]
[WhiteElo "2409"]
[BlackElo "2924"]
[TimeControl "180+1"]
[EndTime "9:16:24 PDT"]
[Termination "baki83 won by resignation"]

1. d4 d5 2. Bf4 Bf5 3. e3 e6 4. Nf3 Nf6 5. Nbd2 Bd6 6. Bg3 O-O 7. Be2 c5 8. O-O Nc6 9. dxc5 Bxc5 10. Nb3 Bb6 11.
c4 Rc8 12. Rc1 h6 13. Bh4 dxc4 14. Bxc4 Qxd1 15. Rfxd1 Ne4 16. h3 g5 17. Bg3 Nxg3 18. fxg3 Bxe3+ 19. Kh2 Bxc1 20. Rxc1 Nb4 21. Nfd4 Bd3 22.
Bxd3 Nxd3 23. Rb1 Rfd8 24. a4 a6 25. a5 Nc5 26. h4 Nxb3 27. Nxb3 Rd5 28. Re1 Rc4 29.
hxg5 hxg5 30. Re3 Rb4 31. Rc3 Kg7 32. Nd2 Rxd2 0-1

[Event "Early-Titled-Tuesday-Blitz-May-14-2024"]
[Site "Chess.com"]
[Date "2024.05.14"]
[Round "7"]
[White "CarlosjPineror"]
[Black "viktorgen2021"]
[Result "1-0"]
[WhiteElo "2738"]
[BlackElo "2510"]
[TimeControl "180+1"]
[EndTime "9:16:30 PDT"]
[Termination "CarlosjPineror won by resignation"]

1. e4 g6 2. d4 Bg7 3. Nc3 d6 4. Be3 c6 5. f3 Nd7 6. Qd2 b5 7. h4 h5 8. Nh3 Nb6 9. Ng5 Nc4 10.
Bxc4 bxc4 11. O-O Nh6 12. Qe2 d5 13. Rad1 O-O 14. Qd2 Rb8 15. Rb1 f6 16. Ne6 Bxe6 17. Bxh6 Kh7 18. Bxg7 Kxg7 19. b3 cxb3 20. axb3 Qd6 21. Ra1 Ra8 22. Rfe1 Rfd8 23. e5 Qd7 24. Na4 Bf7 25. e6 Qd6 26. exf7 Kxf7 27. Nc5 e5 28. Nb7 1-0

[Event "Early-Titled-Tuesday-Blitz-May-14-2024"]
[Site "Chess.com"]
[Date "2024.05.14"]
[Round "7"]
[White "ccccvhhhj"]
[Black "lefonghua"]
[Result "1-0"]
[WhiteElo "2459"]
[BlackElo "2595"]
[TimeControl "180+1"]
[EndTime "9:16:41 PDT"]
[Termination "ccccvhhhj won by resignation"]

1. e4 c5 2. Nf3 g6 3. d4 cxd4 4. Nxd4 Bg7 5. Nc3 Nc6 6. Be3 Nf6 7. Nxc6 bxc6 8. e5 Nd5 9. Nxd5 cxd5 10. Qxd5 Rb8 11.
O-O-O Bb7 12. Qd2 Bxe5 13. Bd4 Bxd4 14. Qxd4 O-O 15. f3 Qa5 16. Bc4 d5 17. Bb3 Bc6 18.
h4 Qb4 19. Qxb4 Rxb4 20. Bxd5 Bxd5 21. Rxd5 e6 22. Rd7 a5 23. b3 h5 24. Kb2 Rc8 25.
g3 Rb5 26. Rhd1 Re5 27. Rd8+ Rxd8 28. Rxd8+ Kg7 29. Rd3 f5 30. a3 Kf6 31. b4 axb4 32.
axb4 Re1 33. b5 e5 34. b6 1-0

[Event "Early-Titled-Tuesday-Blitz-May-14-2024"]
[Site "Chess.com"]
[Date "2024.05.14"]
[Round "7"]
[White "Kirill_Klukin"]
[Black "english_player_89"]
[Result "1-0"]
[WhiteElo "2827"]
[BlackElo "2615"]
[TimeControl "180+1"]
[EndTime "9:16:45 PDT"]
[Termination "Kirill_Klukin won by resignation"]

1. e4 e5 2. d4 exd4 3. Qxd4 Nc6 4.
Qe3 Nf6 5. Nc3 Be7 6. Bd2 O-O 7. O-O-O d5 8. exd5 Nxd5 9. Qf3 Nxc3 10. Bxc3 Bg5+ 11.
Kb1 Qe7 12. h4 Bh6 13. g4 g6 14. Re1 Be6 15. Bc4 Bg7 16. Nh3 Bxc3 17. Qxc3 Qc5 18. Rxe6 b5 19. Rxg6+ 1-0

[Event "Early-Titled-Tuesday-Blitz-May-14-2024"]
[Site "Chess.com"]
[Date "2024.05.14"]
[Round "7"]
[White "Baronessa08"]
[Black "ReinisUz"]
[Result "1-0"]
[WhiteElo "2595"]
[BlackElo "2422"]
[TimeControl "180+1"]
[EndTime "9:16:57 PDT"]
[Termination "Baronessa08 won by resignation"]

1. c4 c5 2. Nc3 Nc6 3. Nf3 g6 4.
e3 Bg7 5. d4 cxd4 6. exd4 Nf6 7. d5 Nb8 8. Bg5 O-O 9. Qd2 d6 10. Bh6 Nbd7 11. Bxg7 Kxg7 12. h4 h5 13. Bd3 Nc5 14. Bc2 Bg4 15. Ng5 Qd7 16. b4 Na6 17. a3 Bf5 18. Bb3 Rac8 19. O-O e5 20. dxe6 Bxe6 21. Qd4 Qe7 22. Rfe1 Nc7 23. Nd5 Qd8 24. Nxc7 Rxc7 25. Rxe6 1-0

[Event "Early-Titled-Tuesday-Blitz-May-14-2024"]
[Site "Chess.com"]
[Date "2024.05.14"]
[Round "7"]
[White "Gumugama"]
[Black "Kushch_Nikolai"]
[Result "1-0"]
[WhiteElo "2295"]
[BlackElo "2409"]
[TimeControl "180+1"]
[EndTime "9:16:58 PDT"]
[Termination "Gumugama won by resignation"]

1. e4 c5 2. Nf3 e6 3. c3 d5 4. e5 d4 5. Bd3 Nc6 6. O-O Nge7 7. b4 cxb4 8. Bb2 bxc3 9. dxc3 Nd5 10. cxd4 Bb4 11. Nbd2 O-O 12. Ne4 f5 13. exf6 Nxf6 14. Nxf6+ Qxf6 15. Rb1 Qf4 16. Bc1 Qc7 17. Qc2 g6 18. Rxb4 Qd6 19. Rb3 Nxd4 20. Nxd4 Qxd4 21. Bb2 Qh4 22. Bxg6 Bd7 23. Rh3 1-0

[Event "Early-Titled-Tuesday-Blitz-May-14-2024"]
[Site "Chess.com"]
[Date "2024.05.14"]
[Round "7"]
[White "vladislavkovalev"]
[Black "FormerProdigy"]
[Result "1-0"]
[WhiteElo "2867"]
[BlackElo "2988"]
[TimeControl "180+1"]
[EndTime "9:17:02 PDT"]
[Termination "vladislavkovalev won by resignation"]

1. e4 c5 2. Nf3 d6 3. Bb5+ Nd7 4. O-O a6 5. Bd3 Ngf6 6. c3 b5 7. a4 Bb7 8. axb5 axb5 9. Rxa8 Qxa8 10. Bxb5 Bxe4 11. d4 Bxb1 12. dxc5 Be4 13. cxd6 exd6 14. Re1 Be7 15. Qe2 O-O 16. Bxd7 Bxf3 17. Qxf3 Qxf3 18.
gxf3 Nxd7 19. Rxe7 Ne5 20. Bf4 f6 21. Bxe5 fxe5 22. Rd7 Rb8 23. b4 Rc8 24. b5 h5 25.
b6 Rc6 26. b7 Rb6 27. Rd8+ 1-0

[Event "Early-Titled-Tuesday-Blitz-May-14-2024"]
[Site "Chess.com"]
[Date "2024.05.14"]
[Round "7"]
[White "Nikita_Klepikov"]
[Black "cycygogne"]
[Result "1-0"]
[WhiteElo "2305"]
[BlackElo "2178"]
[TimeControl "180+1"]
[EndTime "9:17:10 PDT"]
[Termination "Nikita_Klepikov won by resignation"]

1. e4 d5 2. exd5 Qxd5 3. Nc3 Qd6 4. d4 Nf6 5. Nf3 Bg4 6. Be2 Nc6 7. d5 Nb4 8. Nb5 Qd7 9. c4 a6 10. Ne5 Bxe2 11. Qxe2 Qd8 12. Nc3 a5 13. O-O Nd7 14. Bf4 Nxe5 15. Qxe5 Qd7 16. Nb5 Nd3 17. Qxc7 Nxf4 18.
Qxf4 Rc8 19. Rfe1 g6 20. Nd6+ Kd8 21. Nxf7+ Ke8 1-0

[Event "Early-Titled-Tuesday-Blitz-May-14-2024"]
[Site "Chess.com"]
[Date "2024.05.14"]
[Round "7"]
[White "olakenn"]
[Black "kyawmyataung2005"]
[Result "0-1"]
[WhiteElo "1930"]
[BlackElo "2254"]
[TimeControl "180+1"]
[EndTime "9:17:11 PDT"]
[Termination "kyawmyataung2005 won on time"]

1. e4 e5 2. Nf3 Nc6 3. Bb5 Nf6 4. Bxc6 dxc6 5. Nxe5 Qd4 6. Nf3 Qxe4+ 7. Qe2 Qxe2+ 8. Kxe2 Bd6 9. h3 O-O 10. d3 Re8+ 11. Kd1 Nd5 12. Re1 Bd7 13. Rxe8+ Rxe8 14. Bd2 Nf4 15. Bxf4 Bxf4 16. Nc3 b6 17. Ne2 Bd6 0-1

[Event "Early-Titled-Tuesday-Blitz-May-14-2024"]
[Site "Chess.com"]
[Date "2024.05.14"]
[Round "7"]
[White "dennisodessa"]
[Black "Fjal"]
[Result "0-1"]
[WhiteElo "2472"]
[BlackElo "2340"]
[TimeControl "180+1"]
[EndTime "9:17:15 PDT"]
[Termination "Fjal won by resignation"]

1. d4 d6 2. c4 e5 3. d5 f5 4. e4 Nf6 5. exf5 Bxf5 6. Nc3 Be7 7. Nge2 O-O 8. Ng3 Bg6 9. h4 h6 10. h5 Bh7 11. Bd3 Nbd7 12. Bxh7+ Nxh7 13. Nge4 Ng5 14. Be3 Nxe4 15. Nxe4 Nf6 16. Nxf6+ Bxf6 17. Qc2 Bg5 18. O-O-O Bxe3+ 19. fxe3 Qg5 20. Qe4 Rf2 21. g4 Raf8 22.
Rhg1 Re2 23. Rde1 Rff2 24. Rxe2 Rxe2 25. Rg3 Qh4 26. Qf3 Qh2 27. Qf5 Qh1+ 0-1

[Event "Early-Titled-Tuesday-Blitz-May-14-2024"]
[Site "Chess.com"]
[Date "2024.05.14"]
[Round "7"]
[White "Abund"]
[Black "Dewarfd"]
[Result "1-0"]
[WhiteElo "2784"]
[BlackElo "2086"]
[TimeControl "180+1"]
[EndTime "9:17:22 PDT"]
[Termination "Abund won by resignation"]

1. Nf3 g6 2. d4 Nf6 3. b3 d5 4.
Bb2 Bg7 5. e3 O-O 6. Nbd2 c5 7.
dxc5 a5 8. a3 Nc6 9. Bb5 Bg4 10. O-O Nd7 11. Bxg7 Kxg7 12. h3 Bxf3 13. Nxf3 Nxc5 14. Bxc6 bxc6 15. Qd4+ Kg8 16. Qxc5 Qd6 17.
Qxd6 exd6 18. Rfd1 Rfb8 19. Rab1 f6 20. c4 dxc4 21.
bxc4 d5 22. Rxb8+ Rxb8 23. cxd5 cxd5 24. Rxd5 Rb1+ 25. Kh2 a4 26. Ra5 Rb2 27. Kg3 h5 28. h4 Kg7 29. Ra7+ Kh6 30. Rxa4 g5 31. hxg5+ fxg5 32. Ra6+ Kg7 33. Nxg5 Ra2 34. Ne6+ Kf6 35. Nf4+ 1-0

[Event "Early-Titled-Tuesday-Blitz-May-14-2024"]
[Site "Chess.com"]
[Date "2024.05.14"]
[Round "7"]
[White "Oleksandr_Bortnyk"]
[Black "santosalberto1987"]
[Result "1-0"]
[WhiteElo "3049"]
[BlackElo "2613"]
[TimeControl "180+1"]
[EndTime "9:17:32 PDT"]
[Termination "Oleksandr_Bortnyk won by resignation"]

1. e4 e6 2. Nf3 d5 3. e5 Ne7 4. d4 c5 5. Bd3 Nbc6 6. O-O cxd4 7. Bf4 Ng6 8. Bg3 Be7 9. Nbd2 O-O 10. Re1 f5 11. exf6 Bxf6 12. Bxg6 hxg6 13. Ne5 Bxe5 14. Bxe5 Bd7 15. Nf3 Rf5 16. Bxd4 Qe7 17. Ne5 Nxe5 18. Bxe5 Raf8 19. Bg3 Qb4 20. Rb1 Kh7 21. c3 Qc4 22. a3 a5 23. Qd2 b5 24. Re3 Qc6 25. Rbe1 Qc4 26. Be5 Qh4 27. Rh3 Qxh3 28. gxh3 Rg5+ 29. Qxg5 1-0

[Event "Early-Titled-Tuesday-Blitz-May-14-2024"]
[Site "Chess.com"]
[Date "2024.05.14"]
[Round "7"]
[White "HowTo2Draw"]
[Black "PawnEatingZombie"]
[Result "1-0"]
[WhiteElo "2558"]
[BlackElo "2291"]
[TimeControl "180+1"]
[EndTime "9:17:34 PDT"]
[Termination "HowTo2Draw won on time"]

1. c4 Nf6 2. Nc3 g6 3. g3 Bg7 4. Bg2 O-O 5. Nf3 d6 6. O-O e5 7. d3 Nc6 8. Rb1 a5 9. Nd2 Re8 10. a3 Be6 11. b4 axb4 12. axb4 d5 13. b5 Ne7 14. c5 h5 15. Bb2 h4 16. Ra1 Rxa1 17.
Qxa1 hxg3 18. hxg3 Ng4 19. Qa7 Bc8 20. Qb8 d4 21.
Nce4 Nd5 22. Nd6 cxd6 23. Bxd5 dxc5 24. Bxb7 Bxb7 25. Qxb7 Qg5 26. Nc4 Qh5 27. Qg2 e4 28.
dxe4 Rxe4 29. b6 Rxe2 30. b7 Re8 31. Ra1 1-0

[Event "Early-Titled-Tuesday-Blitz-May-14-2024"]
[Site "Chess.com"]
[Date "2024.05.14"]
[Round "7"]
[White "manmanlai1"]
[Black "chessburger_tv"]
[Result "0-1"]
[WhiteElo "2576"]
[BlackElo "2414"]
[TimeControl "180+1"]
[EndTime "9:17:39 PDT"]
[Termination "chessburger_tv won by resignation"]

1. e4 c5 2. Nf3 Nc6 3. d4 cxd4 4. Nxd4 e5 5. Nb5 d6 6. N5c3 Be7 7. Be2 Nf6 8. O-O O-O 9. Na3 Be6 10. Bg5 Nxe4 11. Nxe4 Bxg5 12. Nxg5 Qxg5 13. Qxd6 Rfd8 14. Qc5 Nd4 15.
Bd3 Rac8 16. Qxa7 Nf3+ 17. Kh1 Qh5 18. gxf3 Qxf3+ 19. Kg1 Bd5 0-1

[Event "Early-Titled-Tuesday-Blitz-May-14-2024"]
[Site "Chess.com"]
[Date "2024.05.14"]
[Round "7"]
[White "Anton_Demchenko"]
[Black "jankarsten"]
[Result "1-0"]
[WhiteElo "2859"]
[BlackElo "2630"]
[TimeControl "180+1"]
[EndTime "9:17:45 PDT"]
[Termination "Anton_Demchenko won on time"]

1. e4 e5 2. Nf3 Nc6 3. Bc4 Nf6 4. d3 h6 5. a4 d6 6. a5 a6 7. c3 g5 8. Qb3 Qe7 9. Nbd2 Bg7 10. Nf1 Nh5 11.
Ne3 O-O 12. g3 Rb8 13. h4 g4 14. Nh2 Nf6 15. Qd1 h5 16. f3 gxf3 17. Nxf3 Ng4 18. Nd5 Qd8 19. Bg5 Qd7 20. Nh2 Kh8 21. Nxg4 hxg4 22. Nf6 Bxf6 23. Bxf6+ Kh7 24. Qd2 Rg8 25.
Qg5 Rg6 26. Rf1 Rxg5 27. hxg5 Kg6 28. Rh1 1-0

[Event "Early-Titled-Tuesday-Blitz-May-14-2024"]
[Site "Chess.com"]
[Date "2024.05.14"]
[Round "7"]
[White "Semetey"]
[Black "MariaFominykh"]
[Result "1-0"]
[WhiteElo "2586"]
[BlackElo "2367"]
[TimeControl "180+1"]
[EndTime "9:17:50 PDT"]
[Termination "Semetey won on time"]

1. Nc3 Nf6 2. d4 g6 3. e4 d6 4.
Nf3 Bg7 5. g3 O-O 6. Bg2 Nbd7 7.
O-O e5 8. h3 c6 9. Be3 Re8 10.
Re1 Qc7 11. a4 h6 12. Qd2 Kh7 13. Rad1 Nf8 14. dxe5 dxe5 15. Bc5 N6d7 16. Bd6 Qb6 17. b4 a5 18. b5 Ne6 19. Rb1 Nd4 20. bxc6 Qxc6 21.
Nb5 Re6 22. Nfxd4 exd4 23. e5 Qc4 24. Nc7 Ra7 25. Bd5 Qxa4 26. Ra1 Rxd6 27. Rxa4 Rb6 28.
Rxa5 Rxa5 29. Qxa5 1-0

[Event "Early-Titled-Tuesday-Blitz-May-14-2024"]
[Site "Chess.com"]
[Date "2024.05.14"]
[Round "7"]
[White "MatthewG-p4p"]
[Black "MITerryble"]
[Result "1-0"]
[WhiteElo "2846"]
[BlackElo "3029"]
[TimeControl "180+1"]
[EndTime "9:17:52 PDT"]
[Termination "MatthewG-p4p won by resignation"]

1. e4 e6 2. d4 d5 3. e5 c5 4. c3 Qb6 5. Nf3 Bd7 6. Be2 cxd4 7. cxd4 Bb5 8. Nc3 Bxe2 9. Nxe2 Nc6 10. O-O Nge7 11.
Ng3 g6 12. a3 Bg7 13. b4 a5 14. bxa5 Nxa5 15. Bd2 O-O 16. Bb4 Rfe8 17. Bc5 Qa6 18. h4 h6 19. h5 g5 20. Nh2 Nf5 21. Qf3 Nh4 22. Qg4 Nb3 23. f4 Nf5 24. fxg5 Ne3 25. Qf4 Nxf1 26. Rxf1 Nxc5 27. gxh6 1-0

[Event "Early-Titled-Tuesday-Blitz-May-14-2024"]
[Site "Chess.com"]
[Date "2024.05.14"]
[Round "7"]
[White "Kors67"]
[Black "Fh2411"]
[Result "0-1"]
[WhiteElo "2276"]
[BlackElo "2555"]
[TimeControl "180+1"]
[EndTime "9:17:55 PDT"]
[Termination "Fh2411 won by resignation"]

1. e4 c6 2. d4 d5 3. exd5 cxd5 4. Bd3 Nc6 5. Nf3 Bg4 6. c3 e6 7. O-O Nf6 8. Bg5 Be7 9. Nbd2 O-O 10. Qa4 Bh5 11.
Ne5 Nxe5 12. dxe5 Nd7 13. Bxe7 Qxe7 14. Qd4 Bg6 15. Bxg6 fxg6 16. c4 Nb6 17. cxd5 Nxd5 18. Ne4 b6 19. Nc3 Rad8 20. Nxd5 Rxd5 21. Qe3 g5 22.
Rad1 Rfd8 23. Rxd5 Rxd5 24. Rc1 Qd8 25. h3 h6 26. a3 Qb8 27. Rc6 Qxe5 28. Rxe6 Rd1+ 0-1

[Event "Early-Titled-Tuesday-Blitz-May-14-2024"]
[Site "Chess.com"]
[Date "2024.05.14"]
[Round "7"]
[White "stamatolog13"]
[Black "Raud100"]
[Result "1-0"]
[WhiteElo "2567"]
[BlackElo "2355"]
[TimeControl "180+1"]
[EndTime "9:17:55 PDT"]
[Termination "stamatolog13 won by resignation"]

1. e4 d6 2. d4 Nf6 3. Nc3 g6 4.
f4 Bg7 5. Nf3 c5 6. dxc5 Qa5 7. Bd3 Qxc5 8. Qe2 O-O 9. Be3 Qa5 10.
h3 Nc6 11. O-O Nd7 12. a3 Bxc3 13. bxc3 Qxc3 14. Qf2 Nc5 15. Rad1 f6 16. Qh4 Qxa3 17. Qh6 Be6 18. f5 Bf7 19. fxg6 hxg6 20. Nh4 Ne5 21. Bd4 Ncd7 22. Rf5 e6 23. Bxe5 Nxe5 24. Rxe5 fxe5 25. Nxg6 Qc5+ 26. Kh1 Bxg6 27. Qxg6+ Kh8 28. Qh6+ Kg8 29. Qxe6+ Kg7 30. Qg4+ Kh7 31. Qh5+ Kg7 32. Qg5+ Kh7 33. Be2 Rf6 34. Qxf6 1-0

[Event "Early-Titled-Tuesday-Blitz-May-14-2024"]
[Site "Chess.com"]
[Date "2024.05.14"]
[Round "7"]
[White "NiranjanNavalgund"]
[Black "klercaku"]
[Result "0-1"]
[WhiteElo "2439"]
[BlackElo "2260"]
[TimeControl "180+1"]
[EndTime "9:17:56 PDT"]
[Termination "klercaku won by checkmate"]

1. e4 e5 2. Nf3 Nc6 3. c3 Nf6 4.
d4 exd4 5. e5 Ne4 6. cxd4 d5 7.
Bd3 Be7 8. O-O O-O 9. h3 Bf5 10. Nc3 Nb4 11. Bb1 Qd7 12. Ne2 f6 13. g4 Bxg4 14. hxg4 Qxg4+ 15. Ng3 Nxg3 16. fxg3 Qxg3+ 17. Kh1 fxe5 18. dxe5 c6 19. a3 Na6 20. Qd3 g6 21.
Bc2 Nc5 22. Qe2 Ne4 23. Bxe4 dxe4 24. Qc4+ Kh8 25. Qxe4 Rf5 26. Bf4 Rh5+ 27. Nh2 Rxh2# 0-1

[Event "Early-Titled-Tuesday-Blitz-May-14-2024"]
[Site "Chess.com"]
[Date "2024.05.14"]
[Round "7"]
[White "Timerkhanov"]
[Black "nrvisakh"]
[Result "0-1"]
[WhiteElo "2713"]
[BlackElo "2923"]
[TimeControl "180+1"]
[EndTime "9:17:57 PDT"]
[Termination "nrvisakh won on time"]

1. d4 d6 2. Nf3 g6 3. g3 Bg7 4.
Bg2 c5 5. O-O cxd4 6. Nxd4 Nf6 7. c4 O-O 8. Nc3 Nc6 9. Nc2 Bf5 10. Ne3 Be6 11. Ned5 Rc8 12. Bd2 Qd7 13. Rc1 Bh3 14. e4 Ne5 15. Nxf6+ Bxf6 16. Nd5 Nxc4 17. Nxf6+ exf6 18.
Bc3 Bxg2 19. Kxg2 f5 20. Qd4 Ne5 21. f4 Rc4 22. Qd5 Ng4 23. Rfe1 Rxe4 24. h3 Ne3+ 25. Rxe3 Rxe3 26. Qd4 Qc6+ 0-1